 Dungeon Crawl Stone Soup version 0.21.1-1-g345015f (webtiles) character file.

177 Kairos the Covered (level 5, 33/33 HPs)
             Began as a Gargoyle Fighter on Mar 27, 2018.
             Got out of the dungeon alive.
             The game lasted 00:02:28 (2033 turns).

Kairos the Covered (Gargoyle Fighter)               Turns: 2033, Time: 00:02:28

Health: 33/33      AC:  9    Str: 20    XL:     5   Next: 57%
Magic:  5/5        EV:  8    Int:  8    God:
Gold:   55         SH:  9    Dex: 10    Spells: 4/4 levels left

rFire    . . .     SeeInvis .   a - +0 flail
rCold    . . .     Gourm    .   c - +0 shield
rNeg     + . .     Faith    .   o - +0 ring mail {MR+}
rPois    ∞         Spirit   .   (no helmet)
rElec    +         Reflect  .   (no cloak)
rCorr    .         Harm     .   (no gloves)
MR       +....                  (no boots)
Stlth    ..........             (no amulet)
HPRegen  0.11/turn              h - ring of wizardry
MPRegen  0.09/turn              (no ring)

@: no status effects
A: negative energy resistance 1, electricity resistance, unbreathing,
petrification resistance, rot immunity, AC +4
a: no special abilities


You escaped.
You were not hungry.

You visited 1 branch of the dungeon, and saw 2 of its levels.

You collected 55 gold pieces.

Inventory:

Hand Weapons
 a - a +0 flail (weapon)
Armour
 b - a +0 scale mail
 c - a +0 shield (worn)
 o - a +0 ring mail of magic resistance (worn)
Jewellery
 h - a ring of wizardry (left hand)
Scrolls
 e - 2 scrolls of teleportation {unknown}
 g - 2 scrolls of noise {unknown}
 i - a scroll of fear {unknown}
 j - 3 scrolls of identify {unknown}
 l - a scroll of magic mapping {unknown}
Potions
 d - 2 potions of might
 k - a potion of haste {unknown}
 m - 2 potions of heal wounds {unknown}
 n - a potion of ambrosia {unknown}
 p - a potion of degeneration {unknown}
 q - a potion of lignification {unknown}
Comestibles
 f - 3 rations


   Skills:
 + Level 3.8 Fighting
 + Level 3.4 Maces & Flails
 + Level 4.3 Armour
 + Level 1.0 Dodging
 + Level 4.3 Shields


You had 4 spell levels left.
You didn't know any spells.

Dungeon Overview and Level Annotations

Branches:
Dungeon (2/15)

Altars:


Innate Abilities, Weirdness & Mutations

You are resistant to torment.
Your stone body is resilient. (AC +4)
You are immune to poison.
You resist negative energy. (rN+)
You are resistant to electric shocks. (rElec)
You can survive without breathing.
You are immune to petrification.
You are immune to rotting.


Message History

q - a murky brown potion You see here the felid corpse of Natasha.
Done exploring.
Done exploring.
Done exploring.
No target in view!
No target in view!
You see here the felid corpse of Natasha.
There is an open door here.
HP restored.
There is a stone staircase leading down here.
There is a stone staircase leading up here.
You climb upwards.
There is a stone staircase leading down here.
There is an open door here.
You enter the shallow water.
Moving in this stuff is going to be slow.
There is a staircase leading out of the dungeon here.
Are you sure you want to leave the Dungeon?
This will make you lose the game!
You have escaped!

..# #...........########.#
..# #...........# #.# ..#
#.....####### #.#
..###.....#### #.#
....#........###########.#
.>..####.....##≈≈≈#≈#≈.'.#
....# #......#≈##≈#≈###.#
....# ######.#≈≈#≈#≈###.#
....# #.'≈@#≈#≈≈.#.# ....#
###≈≈≈≈###.#.# #...#
#≈##≈#.#.#.# #...#
#≈≈≈≈#...#.# #...#
######'###.# ##### #.....#
#######


There were no monsters in sight!

Vanquished Creatures
  Terence (D:2)
  Natasha (thrice) (D:2)
  Robin (D:2)
  2 adders (D:2)
  A worm (D:2)
  2 leopard geckos
  5 giant cockroaches
  5 goblins (D:2)
  5 hobgoblins
  6 jackals
  A quokka (D:2)
  4 bats
  2 frilled lizards (D:2)
  4 kobolds
  4 rats
46 creatures vanquished.

Notes
Turn   | Place    | Note
-------+----------+-------------------------------------------
     0 | D:1      | Kairos the Gargoyle Fighter began the quest for the Orb.
     0 | D:1      | Reached XP level 1. HP: 14/14 MP: 1/1
   144 | D:1      | Reached XP level 2. HP: 16/19 MP: 2/2
   769 | D:2      | Reached XP level 3. HP: 23/23 MP: 3/3
   939 | D:2      | Noticed Natasha
   946 | D:2      | Killed Natasha
   946 | D:2      | Reached XP level 4. HP: 28/29 MP: 4/4
  1211 | D:2      | Noticed Robin
  1233 | D:2      | Killed Robin
  1368 | D:2      | Noticed Natasha
  1380 | D:2      | Killed Natasha
  1380 | D:2      | Reached XP level 5. HP: 16/33 MP: 5/5
  1795 | D:2      | Noticed Terence
  1806 | D:2      | Killed Terence
  1806 | D:2      | Reached skill level 1 in Dodging
  1897 | D:2      | Noticed Natasha
  1901 | D:2      | Killed Natasha
  2033 | D:$      | Got out of the dungeon alive.

Skill      XL: |  1  2  3  4  5 |
---------------+----------------+-----
Maces & Flails | 3 |  3.4
Armour         | 4 |  4.3
Shields        | 4 |  4.3
Dodging        | 1 |  1.0
Fighting       | |  3.8

Action                   |  1- 3 |  4- 6 || total
-------------------------+-------+-------++-------
Melee: Flail             |    97 |   116 ||   213
  Eat: Chunk             |       |     4 ||     4
Armor: Scale mail        |    74 |    70 ||   144
       Ring mail         |       |     5 ||     5
Dodge: Dodged            |    41 |    58 ||    99
Block: Shield            |    73 |    91 ||   164
